 Dungeon Crawl Stone Soup version 0.22.1-1-ga44c0e56f4 (webtiles) character file.

1546 Gargoyl the Covered (level 8, -6/67 HPs)
             Began as a Centaur Abyssal Knight on Oct 1, 2018.
             Was a Priest of Lugonu.
             Killed by divine providence
             ... invoked by an orc priest
              (14 damage)
             ... on level 6 of the Dungeon.
             The game lasted 00:08:22 (7197 turns).

Gargoyl the Covered (Centaur Abyssal Knight)        Turns: 7197, Time: 00:08:22

Health: -6/67      AC: 16    Str: 15    XL:     8   Next: 57%
Magic:  11/11      EV:  5    Int: 11    God:    Lugonu [***...]
Gold:   239        SH:  6    Dex: 11    Spells: 7/7 levels left

rFire    . . .     SeeInvis .   j - +1 hand axe (elec)
rCold    . . .     Gourm    .   l - +2 buckler
rNeg     . . .     Faith    .   e - +0 chain mail
rPois    .         Spirit   .   g - +2 helmet
rElec    .         Reflect  .   u - +2 cloak
rCorr    .         Harm     .   o - +0 pair of gloves
MR       .....                  (no barding)
Stlth    ..........             (no amulet)
HPRegen  0.21/turn              (no ring)
MPRegen  0.12/turn              (no ring)

@: very quick
A: large, hooves 3, deformed body, speed 2, tough skin 3
a: Depart the Abyss, Bend Space, Banish, Renounce Religion


You were on level 6 of the Dungeon.
You worshipped Lugonu.
Lugonu was most pleased with you.
You were not hungry.

You visited 1 branch of the dungeon, and saw 6 of its levels.
You visited the Abyss 1 time.

You collected 239 gold pieces.

Inventory:

Hand Weapons
 a - a +1 hand axe
 j - a +1 hand axe of electrocution (weapon)
Missiles
 d - 5 tomahawks of returning (quivered)
Armour
 e - a +0 chain mail (worn)
 g - a +2 helmet (worn)
 l - a +2 buckler (worn)
 o - a +0 pair of gloves (worn)
 u - a +2 cloak (worn)
Jewellery
 i - an uncursed amulet of rage
Wands
 m - a wand of acid (7)
 s - a wand of flame (31)
 v - a wand of polymorph (13)
 w - a wand of clouds (5)
 y - a wand of iceblast (8)
Scrolls
 f - 2 scrolls of identify
 h - a scroll of fear
 n - 2 scrolls of teleportation
 q - 3 scrolls of fog
Potions
 b - 2 potions of flight
 k - 2 potions of agility
 r - a potion of cancellation {unknown}
 x - 4 potions of haste {unknown}
 z - a potion of magic {unknown}
 A - a potion of ambrosia {unknown}
 C - 2 potions of degeneration {unknown}
 D - a potion of lignification {unknown}
Comestibles
 c - 10 rations


   Skills:
 + Level 4.8 Fighting
 + Level 4.4(4.5) Axes
   Level 1.2(3.1) Maces & Flails
 * Level 5.2 Armour
 + Level 1.5 Dodging
 + Level 2.2 Shields
 * Level 4.8 Invocations


You had 7 spell levels left.
You didn't know any spells.
Your spell library contained the following spells:

 Spells                   Type           Power        Failure   Level  Hunger
 Animate Skeleton         Necr           N/A          99%         1    ##.....
 Apportation              Tloc           #.....       99%         1    ##.....
 Beastly Appendage        Tmut           #.....       99%         1    ##.....
 Confusing Touch          Hex            #.....       99%         1    ##.....
 Summon Small Mammal      Summ           #...         99%         1    ##.....
 Sticks to Snakes         Tmut           #.......     100%        2    ###....
 Spider Form              Tmut/Pois      #.........   100%        3    ####...
 Ice Form                 Ice/Tmut       #.......     100%        4    #####..
 Blade Hands              Tmut           #.........   100%        5    ######.


Dungeon Overview and Level Annotations

Branches:
Dungeon (6/15)             Temple (0/1) D:5

Altars:
Qazlal


Innate Abilities, Weirdness & Mutations

You have hooves in place of feet.
Armour fits poorly on your strangely shaped body.
You cover ground very quickly.
You have extremely tough skin. (AC +3)


Message History

The orc priest hits you but does no damage.
You closely miss the orc priest.
The orc priest is moderately wounded.
The orc priest invokes the aid of Beogh against you.
Beogh smites you!
You closely miss the orc priest. You kick the orc priest!
The orc priest is severely wounded.
The orc priest mumbles some strange prayers to Beogh against you.
Pain shoots through your body!
* * * LOW HITPOINT WARNING * * *
You closely miss the orc priest.
The orc priest is severely wounded.
The orc priest mumbles some strange prayers to Beogh against you.
Beogh smites you!
* * * LOW HITPOINT WARNING * * *
You closely miss the orc priest.
The orc priest is severely wounded.
The orc priest mumbles some strange prayers to Beogh against you.
Beogh smites you!
You die...

............................
..#............###########...
#..#............# #..#
..........# #..# ..........#
##.# #######'### . #.# #.#
... ####.. #######.###....
#..... #......@.......
###.###. #.#####.o....##
#...#... #[.....# ##.###.##
#......# #....#.## #......#
#..#.#.## #......# #[.#.....
#......# #..###.#. #......#
#........ #......# #...##.#.


You could see an orc priest.

Vanquished Creatures
  Eustachio (D:6)
  Purgy (D:3)
  An ogre (D:5)
  A phantom (D:4)
  A centaur (D:4)
  Blork the orc (D:4)
  3 bullfrogs (D:6)
  A water moccasin skeleton (D:4)
  2 scorpions
  2 howler monkeys
  A crimson imp (D:5)
  A centaur skeleton (D:4)
  Crazy Yiuf (D:3)
  An orc priest (D:3)
  A jelly (D:5)
  Ijyb (D:5)
  An iguana (D:4)
  4 orc wizards (D:3)
  2 worker ants
  A hound skeleton (D:4)
  6 adders
  4 gnolls (D:2)
  3 oozes
  An adder skeleton (D:4)
  A worm (D:4)
  3 dart slugs
  2 leopard geckos
  21 orcs
  7 bats
  3 giant cockroaches
  8 goblins
  4 hobgoblins
  4 jackals
  3 quokkas
  4 frilled lizards
  5 kobolds
  10 rats
117 creatures vanquished.

Notes
Turn   | Place    | Note
-------+----------+-------------------------------------------
     0 | Abyss:1  | Gargoyl the Centaur Abyssal Knight began the quest for the
                  | Orb.
     0 | Abyss:1  | Reached XP level 1. HP: 19/19 MP: 2/2
    53 | Abyss:1  | Found a corrupted altar of Lugonu.
    92 | Abyss:1  | Noticed a large abomination
   138 | Abyss:1  | Noticed a revenant
   152 | Abyss:1  | Noticed a starcursed mass
   155 | D:1      | Escaped the Abyss
   665 | D:1      | Reached * piety under Lugonu
   696 | D:1      | Reached XP level 2. HP: 25/26 MP: 3/3
  1389 | D:2      | Reached skill level 2 in Armour
  1399 | D:2      | Reached XP level 3. HP: 31/31 MP: 4/4
  1826 | D:2      | Reached skill level 1 in Maces & Flails
  1826 | D:2      | Reached XP level 4. HP: 27/40 MP: 5/5
  2885 | D:2      | Reached ** piety under Lugonu
  3624 | D:3      | Reached XP level 5. HP: 41/46 MP: 5/7
  3626 | D:3      | Reached skill level 3 in Armour
  3626 | D:3      | Reached skill level 1 in Shields
  3749 | D:3      | Reached XP level 6. HP: 14/52 MP: 8/8
  4117 | D:3      | Noticed Purgy
  4124 | D:3      | Killed Purgy
  4137 | D:3      | Reached *** piety under Lugonu
  4169 | D:3      | Found a stormy altar of Qazlal.
  4293 | D:3      | Reached skill level 1 in Dodging
  4431 | D:3      | Found a runed door.
  4628 | D:3      | Noticed Crazy Yiuf
  4634 | D:3      | Killed Crazy Yiuf
  4634 | D:3      | Reached XP level 7. HP: 23/59 MP: 9/9
  5158 | D:4      | Noticed Blork the orc
  5166 | D:4      | Killed Blork the orc
  5195 | D:4      | Reached skill level 4 in Armour
  5945 | D:5      | Entered Level 5 of the Dungeon
  5948 | D:5      | Reached XP level 8. HP: 67/67 MP: 11/11
  6072 | D:5      | Found a staircase to the Ecumenical Temple.
  6173 | D:5      | Noticed Ijyb
  6188 | D:5      | Killed Ijyb
  6834 | D:6      | Noticed Eustachio
  6856 | D:6      | Killed Eustachio
  6856 | D:6      | Reached skill level 5 in Armour
  6995 | D:6      | Got a twisted ring mail
  7006 | D:6      | Identified the +2 ring mail of the Iron Devil {-Tele rPois
                  | Int+4} (You found it on level 6 of the Dungeon)
  7197 | D:6      | Killed from afar by an orc priest

Skill      XL: |  1  2  3  4  5  6  7  8 |
---------------+-------------------------+-----
Armour         | 2 3 4 5 |  5.2
Maces & Flails | 1 |  1.2
Fighting       | 4 |  4.8
Axes           | 2 3 4 |  4.4
Shields        | 1 2 |  2.2
Invocations    | 3 4 |  4.8
Dodging        | 1 |  1.5

Action                   |  1- 3 |  4- 6 |  7- 9 || total
-------------------------+-------+-------+-------++-------
Melee: Hand axe          |    11 |    80 |   154 ||   245
       Whip              |    53 |    57 |       ||   110
       Kick              |     8 |    25 |    22 ||    55
Invok: Depart the Abyss  |     1 |       |       ||     1
  Use: Scroll            |     3 |     2 |     8 ||    13
       Potion            |       |       |     2 ||     2
  Eat: Chunk             |       |     8 |     5 ||    13
       Ration            |       |       |     1 ||     1
Armor: Leather armour    |     4 |       |       ||     4
       Chain mail        |    25 |   154 |   111 ||   290
Dodge: Dodged            |    10 |    25 |    34 ||    69
Block: Buckler           |     6 |    28 |    47 ||    81
       Shield            |       |    41 |       ||    41
